 Dungeon Crawl Stone Soup version 0.20-a0-870-g4070442 (webtiles) character file.

457643 nikopol the Executioner (level 23, -33/322 HPs)
             Began as a Minotaur Berserker on Mar 12, 2017.
             Was the Champion of Trog.
             Annihilated by a spriggan defender
             ... wielding a +5 demon whip of venom
             ... led by the Enchantress
              (40 damage)
             ... on level 3 of the Depths on Mar 13, 2017.
             The game lasted 04:29:46 (68053 turns).

nikopol the Executioner (Minotaur Berserker)       Turns: 68053, Time: 04:29:47

Health: -33/322    AC: 27    Str: 31      XL:     23   Next: 30%
Magic:  0/7        EV: 24    Int:  3 (4)  God:    Trog [******]
Gold:   3477       SH:  0    Dex: 21      Spells: 22/22 levels left

rFire    + + .     SeeInvis .   a - +9 executioner's axe (antimagic)
rCold    + + .     Gourm    .   U - +3 chain mail {MR+}
rNeg     + + .     Faith    .   (shield currently unavailable)
rPois    +         Spirit   +   A - -2 hat of the Alchemist {rElec rPois rF+ rC+ rN+ MR+ rMut rCorr}
rElec    +         Reflect  .   I - +2 cloak
rCorr    +         Harm     .   L - +2 pair of gloves {Dex+3}
rMut     +                      o - +2 pair of boots of the Assassin {Detection Stab+ Stlth++}
MR       ++++.                  p - amulet "Wimmess" {Spirit rN+}
Stlth    ..........             u - ring of protection from magic
Regen    0.7/turn               v - ring "Cikirchunk" {rF+ rC+ Dex+2 Stlth+}
MPRegen  0.1/turn

@: berserking, very quick
A: retaliatory headbutt, horns 2
}: 2/15 runes: decaying, gossamer
a: Berserk, Trog's Hand, Brothers in Arms, Burn Spellbooks, Renounce Religion


You were on level 3 of the Depths.
You worshipped Trog.
Trog was exalted by your worship.
You were not hungry.

You visited 8 branches of the dungeon, and saw 40 of its levels.
You also visited: Ossuary, Bailey and Ice Cave.

You collected 5348 gold pieces.
You spent 1871 gold pieces at shops.

Inventory:

Hand Weapons
 a - a +9 antimagic executioner's axe (weapon)
 z - a +7 longbow of flaming
Missiles
 l - 1095 arrows (quivered)
Armour
 n - the +1 scale mail of the Solstice {rC+ rN+}
   (You acquired it on level 3 of the Swamp)

   It protects you from cold.
   It protects you from negative energy.
 o - the +2 pair of boots of the Assassin (worn) {Detection Stab+ Stlth++}
   (You found it in an ice cave)

   It makes you much more stealthy.
 A - the -2 hat of the Alchemist (worn) {rElec rPois rF+ rC+ rN+ MR+ rMut rCorr}
   (You bought it in a shop on level 4 of the Vaults)

   It protects you from fire.
   It protects you from cold.
   It insulates you from electricity.
   It protects you from poison.
   It protects you from negative energy.
   It affects your resistance to hostile enchantments.
   It protects you from acid and corrosion.
   It protects you from mutation.
 I - a +2 cloak (worn)
 L - a +2 pair of gloves of dexterity (worn)
 N - a scarf of cold resistance
 U - a +3 chain mail of magic resistance (worn)
Jewellery
 p - the amulet "Wimmess" (around neck) {Spirit rN+}
   (You bought it in a shop on level 3 of the Depths)

   [amulet of guardian spirit]

   It causes incoming damage to be split between your health and magic.
   It protects you from negative energy.
 t - the ring "Ynaemp" {rC+ MP+9 AC+3}
   (You found it in an ice cave)

   [ring of protection]

   It affects your AC (+3).
   It protects you from cold.
   It affects your magic capacity (+9).
 u - a ring of protection from magic (right hand)
 v - the ring "Cikirchunk" (left hand) {rF+ rC+ Dex+2 Stlth+}
   (You found it on level 12 of the Dungeon)

   [ring of stealth]

   It affects your dexterity (+2).
   It protects you from fire.
   It protects you from cold.
   It makes you more stealthy.
 x - an uncursed ring of see invisible
 G - an uncursed ring of positive energy
 K - an uncursed ring of flight
Wands
 b - a wand of confusion (21/48)
 i - a wand of disintegration (21/24)
 m - a wand of paralysis (10/24)
 X - a wand of digging (22/24)
Scrolls
 e - 15 scrolls of identify
 j - 29 scrolls of teleportation
 k - 5 scrolls of blinking
 q - 8 scrolls of magic mapping
 s - 14 scrolls of remove curse
 y - 2 scrolls of silence
 F - 4 scrolls of recharging
 O - 9 scrolls of fog
 R - a scroll of fear
 Y - 2 scrolls of enchant armour
Potions
 d - 20 potions of curing
 r - 7 potions of might
 w - 5 potions of haste
 B - 8 potions of heal wounds
 D - 4 potions of agility
 H - 7 potions of flight
 J - 4 potions of cancellation
 Q - 3 potions of brilliance
Comestibles
 c - 28 bread rations
 g - 34 fruits
 h - 21 meat rations
 M - 15 royal jellies


   Skills:
 + Level 19.7 Fighting
 * Level 25.0 Axes
 + Level 22.0 Bows
 + Level 19.5 Armour
 + Level 17.8 Dodging


You had 22 spell levels left.
You didn't know any spells.

Dungeon Overview and Level Annotations

Branches:
Dungeon (15/15)            Temple (0/1) D:7            Lair (6/6) D:9
  Swamp (4/4) Lair:3       Spider (4/4) Lair:2        Slime (0/5) Lair:5
    Orc (2/2) D:10            Elf (2/3) Orc:2        Vaults (4/5) D:13
  Crypt (0/3) Vaults:3     Depths (3/5) D:15

Altars:
Ashenzari
Cheibriados
Dithmenos
Fedhas
Hepliaklqana
Kikubaaqudgha
Nemelex Xobeh
Okawaru
Qazlal
Sif Muna
Trog
Uskayaw
Vehumet
Xom
Yredelemnul
Zin
Beogh
Jiyva

Shops:
D:6 =   D:11 !   D:14 *   D:15 %   Orc:1 (   Orc:2 !:!(   Elf:1 *   Vaults:1 [
Vaults:2 *   Vaults:4 [   Depths:1 [=[   Depths:3 =}=

Portals:
Hell: Depths:1 Depths:2 Depths:3
Pandemonium: Depths:3


Innate Abilities, Weirdness & Mutations

You reflexively headbutt those who attack you in melee.
You have a pair of horns on your head.


Message History

The spriggan defender is moderately wounded.
You completely miss the deep troll.
The spriggan defender closely misses you.
The spriggan defender hits you with a demon whip of venom!!!
* * * LOW HITPOINT WARNING * * *
The deep troll closely misses you. x2; The deep troll completely misses you.
A red film seems to cover your vision as you go berserk!
You feel yourself moving faster!
You feel mighty!
You feel a lot more hungry.
The spriggan defender hits you with a demon whip of venom!
* * * LOW HITPOINT WARNING * * *
The spriggan defender closely misses you.
You furiously retaliate!
You headbutt the spriggan defender!
The deep troll bites you but does no damage.
The deep troll barely misses you. x2
You cut the spriggan defender into ribbons!!!
The spriggan defender blocks your attack.
The spriggan defender is almost dead.
You slice the deep troll!!
The spriggan defender hits you with a demon whip of venom!!!
You die...

......#####......##.#..........##
.....## #..[)..####...........∩
.....# ##.....###.............
.....# ##.<.[..##(..........###
....## #.#.................##
...(# ##.......((..###....##
....### ###....(......####....##
......###......)i).....###.....##
................@((/.............
...............[(T#......(.......
..........∩.....##.#.............
.................##..............
................................#
............>..................##
............>.................##
..............................#
..........>..........(........#


You could see a spriggan defender (berserk) and a deep troll.

Vanquished Creatures
  the Lernaean hydra (Swamp:4)
  A caustic shrike (Depths:3)
  Xtahua (Depths:3)
  the Enchantress (Depths:2)
  Arachne (Spider:2)
  2 liches
  2 tentacled monstrosities
  An Ice Fiend (IceCv)
  A deep elf blademaster (Elf:2)
  Asterion (Elf:1)
  2 sphinxes
  Agnes (D:14)
  An ancient champion (Vaults:3)
  A shadow dragon (Depths:1)
  4 tengu reavers
  3 thorn hunters
  Kirke (D:14)
  3 storm dragons
  Donald (Spider:1)
  Roxanne (Swamp:2)
  9 fire giants
  5 frost giants
  2 iron dragons
  7 ghost moths
  9 vault wardens
  Aizul (Swamp:3)
  4 deep elf sorcerers
  Louise (Swamp:2)
  The ghost of Slobodan the Basher, a journeyman TrAK of Lugonu (Orc:1)
  5 emperor scorpions
  A ghoul (Vaults:3)
  An entropy weaver (shapeshifter) (Depths:3)
  10 ironheart preservers
  2 spriggan defenders (Depths:3)
  33 very ugly things
  5 entropy weavers
  23 stone giants
  A war gargoyle (D:13)
  Azrael (Elf:1)
  A deep elf demonologist (Vaults:3)
  A vampire knight (Depths:3)
  2 deep elf annihilators
  2 spark wasps
  14 ettins
  The ghost of Yehuk the Champion of Chaos, a journeyman DsFi of Makhleb (Orc:2)
  3 deep elf death magi (Vaults:3)
  Josephine (D:11)
  8 yaktaur captains
  7 fire dragons
  3 great orbs of eyes
  9 rakshasas
  9 ice dragons
  2 ragged hierophants (Elf:2)
  A hell beast (Depths:1)
  A spriggan air mage (Depths:3)
  6 vault guards
  20 hydras
  Harold (Lair:1)
  8 centaur warriors
  A merfolk avatar (Lair:6)
  4 catoblepae
  A ghost crab (Swamp:1)
  2 death knights
  7 alligators
  4 tengu warriors
  8 deep troll shamans
  23 dancing weapons
  6 death yaks (Lair:5)
  31 two-headed ogres
  9 ogre magi
  The ghost of itsmu the Archer, a novice BaAM of Okawaru (D:8)
  2 vampire magi
  A storm dragon zombie (Vaults:4)
  8 deep troll earth magi
  3 spriggan berserkers
  Sonja (Lair:1)
  12 deep elf knights
  Nergalle (Orc:2)
  A soul eater (Depths:1)
  6 skeletal warriors
  2 shadow wraiths (Vaults:3)
  A death drake (shapeshifter) (Depths:1)
  An iron troll (Depths:1)
  10 hell knights
  A sea snake (Lair:6)
  6 unseen horrors
  A swamp dragon (shapeshifter) (Depths:3)
  20 deep trolls
  2 flayed ghosts
  10 swamp dragons
  5 wizards
  5 spriggan druids
  A sea snake (shapeshifter) (Depths:2)
  Pikel (D:7)
  3 phantasmal warriors
  4 glowing orange brains
  A tengu zombie (Vaults:3)
  An orb spider (shapeshifter) (Vaults:3)
  A sphinx zombie (Vaults:4)
  15 ironbrand convokers
  10 deep elf archers
  42 deep elf magi
  34 wolf spiders
  12 harpies
  4 orc knights
  A mana viper (shapeshifter) (Vaults:2)
  5 manticores
  9 necromancers
  A fire giant zombie (Vaults:3)
  9 orc sorcerers (Orc:2)
  A stone giant zombie (Vaults:2)
  A salamander (shapeshifter) (Vaults:1)
  24 orb spiders
  53 ugly things
  The ghost of itsmu the Bolt Thrower, a novice BaAM of Okawaru (D:5)
  8 cyclopes
  Maurice (Orc:2)
  4 moths of wrath
  A rust devil (Depths:2)
  4 elephants (Lair:6)
  A guardian serpent (shapeshifter) (Vaults:4)
  2 frost giant skeletons
  4 black mambas
  A stone giant skeleton (Vaults:4)
  A fire giant skeleton (Vaults:3)
  2 ice statues
  A spiny frog (shapeshifter) (Vaults:1)
  15 vault sentinels
  A gargoyle (D:15)
  22 spiny frogs
  8 rime drakes
  6 centaur skeletons
  An efreet (D:14)
  5 freezing wraiths
  2 kobold demonologists (D:15)
  8 komodo dragons
  53 yaktaurs
  2 rime drakes (shapeshifter)
  13 demonic crawlers
  3 anaconda simulacra (IceCv)
  A redback zombie (D:15)
  7 ice devils
  7 trolls
  7 tengu conjurers
  A queen bee (shapeshifter) (Elf:1)
  44 jumping spiders
  2 polar bears
  A jumping spider (shapeshifter) (Elf:2)
  A wolf spider simulacrum (IceCv)
  7 tyrant leeches
  12 bog bodies
  A saltling (Elf:2)
  27 hornets
  9 blink frogs
  66 slime creatures
  4 hippogriffs
  A blink frog (shapeshifter) (Depths:3)
  5 dream sheep (Lair:4)
  15 spriggans
  A shadow (D:14)
  4 water elementals
  8 wraiths
  6 wyverns
  94 redbacks
  3 dire elephant simulacra (IceCv)
  36 tarantellas
  5 basilisks
  An ettin skeleton (Vaults:4)
  A human (D:8)
  A vampire (D:15)
  Grum (D:8)
  6 hogs
  37 yaks
  Eustachio (D:6)
  A fire bat (shapeshifter) (Depths:3)
  12 vampire mosquitoes
  The ghost of dvd the Grave Robber, an amateur DsNe (Ossuary)
  A hog (shapeshifter) (Vaults:3)
  3 hungry ghosts
  A steam dragon (D:7)
  9 harpy simulacra (IceCv)
  28 swamp worms
  5 insubstantial wisps
  6 wargs
  Menkaure (D:7)
  The ghost of Tungsten the Insei, an amateur OpTm (D:4)
  3 acid dragons
  A soldier ant (shapeshifter) (Vaults:3)
  3 hydra simulacra (IceCv)
  10 porcupines
  5 hell hounds
  11 water moccasins
  A floating eye (shapeshifter) (Elf:2)
  A deep troll skeleton (Vaults:2)
  4 ice beasts
  13 swamp drakes
  An eye of draining (D:9)
  18 orc warriors
  2 sky beasts
  An eye of draining (shapeshifter) (Depths:3)
  A hornet zombie (D:6)
  4 phantoms
  2 human zombies
  A necrophage (D:8)
  19 ogres
  3 slaves (D:7)
  A tengu (shapeshifter) (Vaults:2)
  4 black bears
  8 wolves
  9 boggarts
  25 centaurs
  An ettin simulacrum (IceCv)
  17 crocodiles
  2 bullfrogs (shapeshifter)
  3 big kobolds
  13 earth elementals
  11 bullfrogs
  3 human skeletons
  A glowing shapeshifter simulacrum (Vaults:2)
  A gnoll sergeant (D:8)
  A wyvern skeleton (D:13)
  5 scorpions
  A water moccasin skeleton (D:12)
  An elephant simulacrum (IceCv)
  11 killer bees
  8 wights
  2 electric eels
  2 howler monkeys
  7 crimson imps
  A bullfrog zombie (D:10)
  2 draconian simulacra (IceCv)
  7 hounds
  3 jellies
  13 orc priests
  33 orc wizards
  2 bullfrog skeletons
  An iron imp (D:11)
  An iguana (D:5)
  17 worker ants
  3 troll simulacra (IceCv)
  A spriggan simulacrum (IceCv)
  A big kobold zombie (Ossuary)
  A centaur simulacrum (IceCv)
  A hound zombie (D:7)
  8 mummies (Ossuary)
  A howler monkey zombie (D:8)
  A worker ant zombie (D:7)
  6 gnolls
  10 adders
  2 ogre simulacra (IceCv)
  2 naga simulacra (IceCv)
  5 shadow imps
  11 white imps
  8 ufetubi (IceCv)
  2 oozes
  An adder zombie (D:9)
  2 adder skeletons
  A worm (D:2)
  2 dart slugs
  7 leopard geckos
  111 orcs
  7 giant cockroaches
  14 goblins
  14 hobgoblins
  3 jackals (D:3)
  6 quokkas
  2 ball pythons
  5 bats
  9 frilled lizards
  2 gnoll zombies (D:4)
  2 hobgoblin zombies (Ossuary)
  27 kobolds
  2 kobold zombies (Ossuary)
  3 orc zombies (Ossuary)
  10 rats
  3 fungi
  4 plants
1963 creatures vanquished.

Vanquished Creatures (collateral kills)
  An orc knight (D:15)
  4 ugly things (D:15)
  A blink frog (Swamp:3)
  An orc warrior (D:15)
7 creatures vanquished.

Vanquished Creatures (others)
  A shadow wraith (Vaults:3)
  A spiny frog (Swamp:1)
  A human (D:14)
  An ogre (Depths:2)
  7 fungi
  27 plants
38 creatures vanquished.

Grand Total: 2008 creatures vanquished

Notes
Turn   | Place    | Note
-------+----------+-------------------------------------------
     0 | D:1      | nikopol the Minotaur Berserker began the quest for the Orb.
     0 | D:1      | Reached XP level 1. HP: 19/19 MP: 0/0
    75 | D:1      | Reached XP level 2. HP: 10/27 MP: 1/1
   281 | D:1      | Reached skill level 4 in Axes
   540 | D:1      | Reached ** piety under Trog
   900 | D:1      | Reached XP level 3. HP: 33/33 MP: 2/2
  1483 | D:2      | Reached XP level 4. HP: 35/41 MP: 3/3
  1870 | D:3      | Reached *** piety under Trog
  1901 | D:3      | Noticed a phantom
  1915 | D:3      | Killed a phantom
  1915 | D:3      | Reached skill level 5 in Fighting
  1915 | D:3      | Reached XP level 5. HP: 19/48 MP: 4/4
  2220 | D:3      | Found a shattered altar of Ashenzari.
  2297 | D:3      | Found a hide-covered altar of Uskayaw.
  2375 | D:3      | Found a faded altar of an unknown god.
  2497 | D:4      | Found a shimmering altar of Xom.
  2518 | D:4      | Reached XP level 6. HP: 46/56 MP: 5/5
  2533 | D:4      | Reached skill level 5 in Axes
  3114 | D:4      | Noticed Tungsten's ghost (amateur OpTm)
  3121 | D:4      | Killed Tungsten's ghost
  3121 | D:4      | Reached XP level 7. HP: 63/63 MP: 6/6
  3175 | D:4      | Found a glowing silver altar of Zin.
  3261 | D:4      | Reached skill level 5 in Armour
  3697 | D:4      | Found a basalt altar of Yredelemnul.
  4066 | D:5      | Entered Level 5 of the Dungeon
  4087 | D:5      | Got a twisted war axe
  4088 | D:5      | Identified the +8 war axe of Wuwkuen {freeze, rPois Str-2 Dex+5 Stlth+} (You found it on level 5 of the Dungeon)
  4323 | D:5      | Reached skill level 6 in Axes
  4323 | D:5      | Reached skill level 5 in Dodging
  4337 | D:5      | Noticed itsmu's ghost (novice BaAM)
  4346 | D:5      | Killed itsmu's ghost
  4346 | D:5      | Reached XP level 8. HP: 73/73 MP: 7/7
  4457 | D:5      | Found a sand-covered staircase.
  4464 | Ossuary  | Entered an ossuary
  4476 | Ossuary  | Reached **** piety under Trog
  4478 | Ossuary  | Noticed dvd's ghost (amateur DsNe)
  4494 | Ossuary  | Killed dvd's ghost
  4494 | Ossuary  | Reached skill level 7 in Axes
  5061 | D:5      | Reached skill level 1 in Bows
  5471 | D:5      | Found a deep blue altar of Sif Muna.
  5913 | D:6      | Found a radiant altar of Vehumet.
  6057 | D:6      | Reached XP level 9. HP: 52/81 MP: 8/8
  6058 | D:6      | Noticed Eustachio
  6069 | D:6      | Killed Eustachio
  6258 | D:6      | Reached skill level 8 in Axes
  6270 | D:6      | Reached ***** piety under Trog
  6590 | D:6      | Found Bitsogeo's Jewellery Shoppe.
  7111 | D:7      | Noticed Menkaure
  7116 | D:7      | Killed Menkaure
  7269 | D:7      | Found a staircase to the Ecumenical Temple.
  7563 | D:7      | Found a hazy altar of Hepliaklqana.
  7563 | D:7      | Found a blossoming altar of Fedhas.
  7570 | D:7      | Found a stormy altar of Qazlal.
  7594 | D:7      | Found a snail-covered altar of Cheibriados.
  7598 | D:7      | Found a shadowy altar of Dithmenos.
  7747 | D:7      | Noticed Pikel
  7766 | D:7      | Killed Pikel
  7766 | D:7      | Reached skill level 9 in Axes
  7766 | D:7      | Reached skill level 5 in Bows
  7971 | D:7      | You fall through a shaft!
  7993 | D:8      | Noticed a two-headed ogre
  7999 | D:8      | Killed a two-headed ogre
  7999 | D:8      | Reached XP level 10. HP: 83/91 MP: 9/9
  8073 | D:8      | Noticed a two-headed ogre
  8088 | D:8      | Killed a two-headed ogre
  8088 | D:8      | Reached skill level 10 in Axes
  8168 | D:8      | Found a sparkling altar of Nemelex Xobeh.
  8190 | D:8      | Noticed a two-headed ogre
  8198 | D:8      | Killed a two-headed ogre
  8454 | D:8      | Noticed itsmu's ghost (novice BaAM)
  8478 | D:8      | Killed itsmu's ghost
  8478 | D:8      | Reached XP level 11. HP: 98/98 MP: 10/10
  8599 | D:8      | Received a gift from Trog
  8885 | D:8      | Noticed a two-headed ogre
  8886 | D:8      | Noticed Grum
  8893 | D:8      | Reached skill level 10 in Fighting
  8893 | D:8      | Reached skill level 11 in Axes
  8896 | D:8      | Killed a two-headed ogre
  8900 | D:8      | Killed Grum
  9155 | D:9      | Found a flagged portal.
  9180 | Bailey   | Entered a bailey
  9216 | Bailey   | Received a gift from Trog
  9895 | Bailey   | Received a gift from Trog
 10786 | D:9      | Found a staircase to the Lair.
 10944 | Lair:1   | Entered Level 1 of the Lair of Beasts
 11112 | Lair:1   | Reached skill level 12 in Axes
 11268 | Lair:1   | Noticed Harold
 11278 | Lair:1   | Killed Harold
 11376 | Lair:1   | Noticed Sonja
 11390 | Lair:1   | Killed Sonja
 11993 | Lair:2   | Noticed a five-headed hydra
 12005 | Lair:2   | Killed an eight-headed hydra
 12005 | Lair:2   | Reached skill level 10 in Bows
 12005 | Lair:2   | Reached XP level 12. HP: 107/107 MP: 11/11
 12092 | Lair:2   | Reached skill level 10 in Armour
 12230 | Lair:2   | Found a hole to the Spider Nest.
 12739 | Lair:2   | Reached ****** piety under Trog
 12928 | Lair:3   | Noticed a catoblepas
 12952 | Lair:3   | Killed a catoblepas
 12956 | Lair:3   | Received a gift from Trog
 13110 | Lair:3   | Found a staircase to the Swamp.
 13112 | Lair:3   | Noticed an eight-headed hydra
 13125 | Lair:3   | Killed an eight-headed hydra
 13226 | Lair:3   | Reached skill level 13 in Axes
 14675 | Lair:5   | Reached skill level 10 in Dodging
 14820 | Lair:5   | Noticed a fire dragon
 14842 | Lair:5   | Killed a fire dragon
 14988 | Lair:5   | Reached XP level 13. HP: 116/116 MP: 12/12
 15070 | Lair:5   | Reached skill level 14 in Axes
 15285 | Lair:5   | Found a staircase to the Slime Pits.
 15285 | Lair:5   | Found a viscous altar of Jiyva.
 15769 | Lair:6   | Entered Level 6 of the Lair of Beasts
 15789 | Lair:6   | Received a gift from Trog
 17081 | Lair:6   | Reached skill level 15 in Axes
 17559 | D:10     | Entered Level 10 of the Dungeon
 17714 | D:10     | Received a gift from Trog
 17747 | D:10     | Found a staircase to the Orcish Mines.
 17759 | D:10     | Reached XP level 14. HP: 119/126 MP: 13/13
 18788 | D:11     | Received a gift from Trog
 18817 | D:11     | Identified 2 scrolls of acquirement
 19179 | D:11     | Noticed Josephine
 19198 | D:11     | Killed Josephine
 19539 | D:11     | Found Waqoch's Distillery.
 19920 | Orc:1    | Entered Level 1 of the Orcish Mines
 19920 | Orc:1    | Noticed Slobodan's ghost (journeyman TrAK)
 19949 | Orc:1    | Killed Slobodan's ghost
 20042 | Orc:2    | Entered Level 2 of the Orcish Mines
 20049 | Orc:2    | Noticed Maurice
 20056 | Orc:2    | Killed Maurice
 20098 | Orc:2    | Found a staircase to the Elven Halls.
 20346 | Orc:1    | Found a roughly hewn altar of Beogh.
 20542 | Orc:1    | Found a bloodstained altar of Trog.
 20661 | Orc:1    | Found Kaammir's Antique Weapon Emporium.
 20664 | Orc:1    | Received a gift from Trog
 20713 | Orc:2    | Found an iron altar of Okawaru.
 21351 | Orc:2    | Noticed Yehuk's ghost (journeyman DsFi)
 21379 | Orc:2    | Killed Yehuk's ghost
 21436 | Orc:2    | Found Cizoji Varee's Antique Weapon Boutique.
 21482 | Orc:2    | Noticed Nergalle
 21492 | Orc:2    | Killed Nergalle
 21493 | Orc:2    | Found an ancient bone altar of Kikubaaqudgha.
 21800 | Orc:2    | Found a radiant altar of Vehumet.
 21819 | Orc:2    | Found a roughly hewn altar of Beogh.
 21819 | Orc:2    | Found Meoll's Distillery.
 21821 | Orc:2    | Found Qixailup's Distillery.
 21848 | Orc:2    | Found Cech's Book Boutique.
 22322 | D:12     | Got a smoking turquoise ring
 22324 | D:12     | Identified the ring "Cikirchunk" {rF+ rC+ Dex+2 Stlth+} (You found it on level 12 of the Dungeon)
 22563 | D:12     | Received a gift from Trog
 22573 | D:12     | Reached skill level 16 in Axes
 22996 | D:12     | Received a gift from Trog
 23468 | D:13     | Received a gift from Trog
 23618 | D:13     | Found a gate to the Vaults.
 23646 | D:13     | Reached XP level 15. HP: 121/136 MP: 14/14
 23675 | D:13     | Received a gift from Trog
 23913 | D:13     | Found a runed door.
 24451 | D:13     | Got a smoking scale mail
 24490 | D:13     | Identified the +2 scale mail of Defence {rN+ Int+3} (You found it on level 13 of the Dungeon)
 24680 | D:14     | Noticed Agnes
 24691 | D:14     | Killed Agnes
 24796 | D:14     | Found Rekused's Assorted Antiques.
 24918 | D:14     | Noticed Kirke
 24936 | D:14     | Killed Kirke
 25533 | D:15     | Entered Level 15 of the Dungeon
 25542 | D:15     | Reached skill level 17 in Axes
 25981 | D:15     | Found Taororr's Food Shoppe.
 25992 | D:15     | Received a gift from Trog
 26434 | D:15     | Found a staircase to the Depths.
 26750 | D:15     | Reached skill level 15 in Bows
 27359 | Swamp:1  | Entered Level 1 of the Swamp
 27568 | Swamp:1  | Noticed a thorn hunter
 27584 | Swamp:1  | Killed a thorn hunter
 27584 | Swamp:1  | Reached XP level 16. HP: 60/146 MP: 15/15
 27855 | Swamp:1  | Received a gift from Trog
 29256 | Swamp:2  | Noticed Roxanne
 29297 | Swamp:2  | Killed Roxanne
 29667 | Swamp:2  | Noticed Louise
 29692 | Swamp:2  | Killed Louise
 29970 | Swamp:3  | Noticed Mara
 29980 | Swamp:2  | Reached skill level 18 in Axes
 30036 | Swamp:3  | Noticed nikopol's illusion
 30320 | Swamp:3  | Noticed nikopol's illusion
 30397 | Swamp:3  | Noticed nikopol's illusion
 30855 | Swamp:3  | Noticed nikopol's illusion
 31319 | Swamp:3  | Noticed nikopol's illusion
 31824 | Swamp:3  | Received a gift from Trog
 31853 | Swamp:3  | Got a fine scale mail
 31864 | Swamp:3  | Identified the +1 scale mail of the Solstice {rC+ rN+} (You acquired it on level 3 of the Swamp)
 32172 | Swamp:3  | Noticed a thorn hunter
 32186 | Swamp:3  | Killed a thorn hunter
 32462 | Swamp:3  | Noticed Aizul
 32476 | Swamp:3  | Killed Aizul
 32994 | Swamp:4  | Entered Level 4 of the Swamp
 33801 | Swamp:4  | Reached skill level 15 in Fighting
 34023 | Swamp:4  | Received a gift from Trog
 34295 | Swamp:4  | Noticed the 27-headed Lernaean hydra
 34661 | Swamp:4  | Noticed a thorn hunter
 34670 | Swamp:4  | Killed a thorn hunter
 34822 | Swamp:4  | Killed the 26-headed Lernaean hydra
 34822 | Swamp:4  | Reached XP level 17. HP: 29/155 MP: 16/16
 35754 | Swamp:4  | Got a decaying rune of Zot
 35916 | Swamp:4  | Received a gift from Trog
 36049 | Spider:1 | Entered Level 1 of the Spider Nest
 36329 | Spider:1 | Received a gift from Trog
 36340 | Spider:1 | Upgraded the game from 0.20-a0-864-g92acfd1 to 0.20-a0-870-g4070442
 36344 | Spider:1 | Noticed Donald
 36355 | Spider:1 | Killed Donald
 36355 | Spider:1 | Reached skill level 19 in Axes
 36578 | Spider:1 | Received a gift from Trog
 36874 | Spider:1 | Received a gift from Trog
 37336 | Spider:1 | Reached skill level 15 in Armour
 37635 | Spider:1 | Received a gift from Trog
 38175 | Spider:2 | Noticed Arachne
 38213 | Spider:2 | Killed Arachne
 40415 | Spider:3 | Received a gift from Trog
 40771 | Spider:3 | Received a gift from Trog
 41041 | Spider:3 | Reached XP level 18. HP: 159/165 MP: 5/17
 41586 | Spider:4 | Entered Level 4 of the Spider Nest
 42772 | Spider:4 | Received a gift from Trog
 43020 | Spider:4 | Reached skill level 20 in Axes
 43229 | Spider:4 | Received a gift from Trog
 43748 | Spider:4 | Received a gift from Trog
 44311 | Spider:4 | Got a gossamer rune of Zot
 44653 | Elf:1    | Entered Level 1 of the Elven Halls
 44822 | Elf:1    | Noticed Azrael
 44841 | Elf:1    | Killed Azrael
 45163 | Elf:1    | Found Naisime's General Store.
 45351 | Elf:1    | Received a gift from Trog
 45572 | Elf:1    | Received a gift from Trog
 45815 | Elf:1    | Noticed Asterion
 45832 | Elf:1    | Killed Asterion
 46660 | Elf:2    | Found a ruined gateway.
 46700 | Elf:2    | Found a frozen archway.
 46714 | IceCv    | Entered an ice cave
 46994 | IceCv    | Received a gift from Trog
 47219 | IceCv    | Received a gift from Trog
 47277 | IceCv    | Noticed an Ice Fiend
 47288 | IceCv    | Killed an Ice Fiend
 47288 | IceCv    | Reached XP level 19. HP: 138/174 MP: 18/18
 47454 | IceCv    | Got a coiled bone ring
 47708 | Elf:2    | Reached skill level 15 in Dodging
 47781 | Elf:2    | Received a gift from Trog
 48009 | Elf:2    | Found a runed gate.
 48009 | Elf:2    | Found a runed gate.
 48009 | Elf:2    | Found a runed gate.
 48027 | Elf:2    | Identified the ring "Ynaemp" {rC+ MP+9 AC+3} (You found it in an ice cave)
 48547 | Elf:2    | Received a gift from Trog
 49459 | Vaults:1 | Entered Level 1 of the Vaults
 49471 | Vaults:1 | Reached skill level 21 in Axes
 50535 | Vaults:1 | Received a gift from Trog
 50725 | Vaults:1 | Received a gift from Trog
 50814 | Vaults:1 | Found Voastou's Antique Armour Emporium.
 50822 | Vaults:1 | Bought a runed plate armour for 676 gold pieces
 51738 | Vaults:2 | Found Jaeps's General Store.
 52529 | Vaults:2 | Received a gift from Trog
 52720 | Vaults:2 | Reached XP level 20. HP: 184/184 MP: 6/19
 52727 | Vaults:2 | Received a gift from Trog
 53973 | Vaults:3 | Received a gift from Trog
 54443 | Vaults:3 | Found a staircase to the Crypt.
 54458 | Vaults:3 | Reached skill level 22 in Axes
 55567 | Vaults:3 | Received a gift from Trog
 56189 | Vaults:4 | Received a gift from Trog
 56412 | Vaults:4 | Found Jiruo's Armour Emporium.
 56420 | Vaults:4 | Bought the -2 hat of the Alchemist {rElec rPois rF+ rC+ rN+ MR+ rMut rCorr} for 660 gold pieces
 56569 | Vaults:4 | Reached XP level 21. HP: 109/194 MP: 6/20
 57378 | Vaults:2 | Received a gift from Trog
 58042 | Vaults:4 | Received a gift from Trog
 58270 | Vaults:4 | Received a gift from Trog
 59460 | Vaults:2 | Reached skill level 23 in Axes
 59785 | Depths:1 | Entered Level 1 of the Depths
 59950 | Depths:1 | Found a gateway to Hell.
 60081 | Depths:1 | Found Qehuiwkur's Antique Armour Shoppe.
 60081 | Depths:1 | Found Afrodyel's Jewellery Emporium.
 60088 | Depths:1 | Found Ihivus's Armour Shoppe.
 60373 | Depths:1 | Received a gift from Trog
 62100 | Depths:2 | Received a gift from Trog
 62414 | Depths:1 | Reached XP level 22. HP: 127/204 MP: 7/21
 63753 | Depths:2 | Got a pitted bronze ring
 63803 | Depths:2 | Received a gift from Trog
 63884 | Depths:2 | Reached skill level 24 in Axes
 64362 | Depths:2 | Received a gift from Trog
 65069 | Depths:2 | Identified the ring of Asase {*Tele rElec rC+ MR- Dex+7} (You found it on level 2 of the Depths)
 65712 | Depths:3 | Found a one-way gate leading to the halls of Pandemonium.
 65820 | Depths:3 | Noticed Xtahua
 65861 | Depths:3 | Killed Xtahua
 66619 | Depths:3 | Reached XP level 23. HP: 198/213 MP: 7/22
 67013 | Depths:3 | Found Mumekhotz's Jewellery Emporium.
 67013 | Depths:3 | Found Gammo's Gadget Boutique.
 67016 | Depths:3 | Found Rolaebb's Jewellery Emporium.
 67028 | Depths:3 | Bought the amulet "Wimmess" {Spirit rN+} for 535 gold pieces
 67077 | Depths:3 | Received a gift from Trog
 67140 | Depths:3 | Noticed a caustic shrike
 67153 | Depths:3 | Killed a caustic shrike
 67723 | Depths:3 | Noticed the Enchantress
 67754 | Depths:2 | Killed the Enchantress
 67756 | Depths:2 | Got faerie dragon scales
 67892 | Depths:2 | Identified the +2 faerie dragon scales {rElec rCorr} (You took it off the Enchantress on level 2 of the Depths)
 68042 | Depths:3 | Reached skill level 25 in Axes
 68052 | Depths:3 | HP: 7/322 [spriggan defender/demon whip of venom[the Enchantress] (12)]
 68053 | Depths:3 | Annihilated by a spriggan defender

Vault maps used:
D:1:      mushboom_english_gardens, amethyst_killhole, minmay_circled_x
D:3:      evilmike_ruin_ashenzari, nicolae_overflow_crystal_walls, first_bread,
          chequers_ecumenical_altar_grove
D:4:      mumra_celtic_spiral_tile, kennysheep_mini,
          lemuel_zombie_altar_yredelemnul, xom_teletrap_fun
D:5:      chequers_ossuary_entry_cave, supply_closet_lemuel, st_stairs_4,
          minmay_holes, hangedman_decor_slide_cut, tgw_sif
D:6:      serial_shops, shop, vehumet_altar_wand_db, uniq_eustachio
D:7:      minmay_overflow_temple_star_hex, minmay_temple_entry_trees,
          kennysheep_minor_cross, uniq_menkaure, uniq_crazy_yiuf_cottage,
          uniq_pikel
D:8:      lemuel_crystal_altar, grunt_livestock, uniq_grum
D:9:      david_lair_shrubbed, enter_bailey_3
D:10:     erik_orc_3
D:11:     serial_shops, kennysheep_mini_moat, hangedman_minor_magic,
          uniq_josephine
D:13:     lightli_vaults_fourway_checkpoint, kennysheep_treasure_room
D:14:     minmay_misc_feat_four_crosses, serial_shops, shop,
          small_statue_intersection, uniq_kirke, uniq_agnes
D:15:     grunt_enter_depths_snipers, roderic_serpentine_path, serial_shops,
          nicolae_shop_waterfront
Lair:1:   nicolae_quartered_pool_little, uniq_harold, uniq_sonja
Lair:2:   beast_lair_carwin_large_1, spider_nest_entry_rubble,
          serial_bayou_shore_b
Lair:3:   minmay_swamp_entry_reptiles
Lair:5:   dragon1_lemuel, slime_altar_1, grunt_megastairs_5
Lair:6:   gammafunk_lair_ancient_temple
Swamp:1:  evilmike_swamp_ruin_house_4
Swamp:2:  evilmike_swamp_ruin_rubble_1, uniq_louise, uniq_roxanne
Swamp:3:  nicolae_swamp_trees_clearing, infiniplex_staircase_pool, uniq_mara,
          uniq_aizul
Swamp:4:  swamp_basic_johnstein, infiniplex_staircase_pool_2
Spider:1: spider_trap, uniq_donald
Spider:2: uniq_arachne
Spider:4: spider_rune_water, nicolae_spider_cling_ruins
Orc:1:    serial_shops, shop, basic_altar, trog_book
Orc:2:    kennysheep_orc_mage_school, okawaru_metal_pillars_1_2, uniq_maurice
Elf:1:    eino_elf_arrival_the_gate, serial_shops, shop,
          hangedman_elf_disciples, grunt_ministairs_15, uniq_azrael,
          uniq_asterion
Elf:2:    portal_desolation_entry_salt, portal_ice_cave_entry_ice_statue_one
Vaults:1: v_misc_18, nicolae_vaults_little_squares_3,
          ontoclasm_vaults_misaligned, hangedman_vaults_river_flow,
          vaults_room_grid, nicolae_vaults_mini_display_case,
          nicolae_vaults_network_s, v_misc_2, grunt_vaults_hallway_short,
          vaults_room_grunt_arrival_ludios, serial_shops,
          nicolae_shop_temple_entry_statues_fountains
Vaults:2: v_misc_25, grunt_vaults_twisty, v_pattern_2, vaults_room_door_ring,
          nicolae_vaults_rhombus_6, grunt_vaults_hallway_short,
          ontoclasm_vaults_loading_screen, serial_shops, shop
Vaults:3: v_alt_pattern_5, nicolae_vaults_arrows, grunt_vaults_focal,
          minmay_crypt_entry_simple_plaza, nicolae_vaults_diagonal_hallway_8,
          nicolae_vaults_little_squares_6, hangedman_vaults_corner
Vaults:4: st_check, nicolae_vaults_triangles, nicolae_vaults_network_star,
          nicolae_vaults_network_barrier, v_alt_pattern_3, v_alt_pattern_2,
          v_misc_5, vaults_room_large_hall, v_misc_1, v_misc_25, serial_ice_b,
          vaults_room_pool, serial_shops, shop_statue
Depths:1: solitary_fountain, grunt_mini_vestibule, hangedman_cracks_in_the_wall,
          minmay_shop_star
Depths:2: hangedman_cross_cluster, grunt_hell_entry_dis_old,
          infiniplex_staircase_star, firewood_loft
Depths:3: evilmike_diamond_1, pan_entry, hell_entry, serial_bayou_pond_e,
          minmay_shop_grove, uniq_enchantress, uniq_jory, uniq_xtahua
Ossuary:  ossuary_tomb_3
Bailey:   bailey_polearm_flooded_kennysheep, bailey
IceCv:    ice_cave_caverns_01

Skill      XL: |  1  2  3  4  5  6  7  8  9 10 11 12 13 14 15 16 17 18 19 20 21 22 23 |
---------------+----------------------------------------------------------------------+-----
Axes           | 4 5 6 7 9 10 12 13 15 16 17 18 19 20 21 22 23 24 25 | 25.0
Fighting       | 4 5 6 7 8 9 10 11 12 13 14 15 16 17 18 19 | 19.7
Armour         | 3 4 5 6 7 9 11 12 13 14 15 16 17 18 19 | 19.5
Dodging        | 3 4 5 6 7 8 9 10 11 12 13 14 15 16 17 | 17.8
Bows           | 2 5 7 10 11 12 14 15 16 17 18 19 20 21 22 | 22.0

Action                   |  1- 3 |  4- 6 |  7- 9 | 10-12 | 13-15 | 16-18 | 19-21 | 22-24 || total
-------------------------+-------+-------+-------+-------+-------+-------+-------+-------++-------
Melee: Hand axe          |   115 |   132 |    41 |       |       |       |       |       ||   288
       Headbutt          |    15 |    22 |    27 |    59 |   165 |   207 |   256 |    99 ||   850
       War axe           |       |       |   126 |   247 |   618 |   280 |       |       ||  1271
       Executioner's axe |       |       |       |       |       |   406 |   759 |   323 ||  1488
 Fire: Shortbow          |       |       |   149 |   483 |  1019 |   882 |    29 |       ||  2562
       Longbow           |       |       |       |       |    55 |   424 |  1045 |   339 ||  1863
Invok: Berserk           |       |     1 |     4 |     3 |     5 |    14 |     2 |     4 ||    33
       Burn Spellbooks   |       |       |     1 |     2 |     5 |     3 |     4 |       ||    15
       Brothers in Arms  |       |       |       |       |     1 |     3 |       |     1 ||     5
       Trog's Hand       |       |       |       |       |       |       |       |     1 ||     1
  Use: Scroll            |       |       |     9 |     7 |    18 |    15 |     5 |     4 ||    58
       Potion            |       |       |       |       |     2 |     4 |     1 |       ||     7
 Stab: Distracted        |       |       |       |     1 |       |       |     2 |     1 ||     4
       Sleeping          |       |       |       |       |       |       |     1 |       ||     1
  Eat: Chunk             |     2 |     5 |    14 |    25 |    48 |    73 |    49 |    17 ||   233
       Royal jelly       |       |       |     2 |       |       |     2 |       |       ||     4
       Fruit             |       |       |     1 |       |       |       |       |       ||     1
Armor: Scale mail        |    46 |    48 |    60 |    86 |    48 |       |       |       ||   288
       Crystal plate arm |       |       |       |       |   164 |       |       |       ||   164
       Chain mail        |       |       |       |       |    67 |   675 |   333 |   163 ||  1238
       Plate armour      |       |       |       |       |       |    19 |    15 |       ||    34
Dodge: Dodged            |    64 |    88 |   115 |   224 |   387 |  1076 |   641 |   376 ||  2971
